 Dungeon Crawl Stone Soup version 0.27-a0-732-ga892ba84f6 (webtiles) character file.

Game seed: 10307232509640351123

38 CurlyBrace the Charlatan (level 3, 1/16 HPs)
             Began as a Felid Artificer on Mar 24, 2021.
             Quit the game on level 3 of the Dungeon.
             The game lasted 00:03:56 (406 turns).

CurlyBrace the Charlatan (Felid Artificer)           Turns: 406, Time: 00:03:56

Health: 1/16       AC:  5    Str:  8    XL:     3   Next: 25%
Magic:  4/4        EV: 18    Int: 13    God:
Gold:   53         SH:  0    Dex: 16    Spells: 2/2 levels left
                                        Lives:  0   Deaths: 0

rFire    . . .     SeeInvis +     - Unarmed
rCold    . . .     Faith    .   (shield unavailable)
rNeg     . . .     Spirit   .   (armour unavailable)
rPois    .         Reflect  .   (helmet unavailable)
rElec    .         Harm     .   (cloak unavailable)
rCorr    .         Rampage  .   (gloves unavailable)
Will     .....                  (boots unavailable)
Stlth    +++.......             (no amulet)
HPRegen  0.05/turn              p - +4 ring of protection
MPRegen  0.09/turn              (no ring)

@: brilliant, lethally poisoned (1 -> -11), very slightly contaminated,
invisible, quick
A: very small, claws 1, fangs 3, see invisible, speed 1, shaggy fur 1, stealthy
paws, no weapons or thrown items, no armour, multi-lived
a: no special abilities


You were on level 3 of the Dungeon.
You visited 1 branch of the dungeon, and saw 3 of its levels.

You collected 53 gold pieces.

Inventory:

Jewellery
 p - a +4 ring of protection (right paw)
   (You found it on level 2 of the Dungeon)
Wands
 a - a wand of flame (14) (quivered)
 b - a wand of charming (15)
 c - a wand of random effects (14)
Potions
 d - a potion of might


   Skills:
 * Level 2.1 Fighting
 - Level 3.2 Dodging
 + Level 2.4 Stealth
 * Level 1.6 Unarmed Combat
 - Level 3.2 Evocations


You had 2 spell levels left.
You didn't know any spells.
Your spell library was empty.

Dungeon Overview and Level Annotations

Branches:
Dungeon (2/15)

Altars:
Okawaru


Innate Abilities, Weirdness & Mutations

You have sharp claws.
You have razor-sharp teeth.
You have supernaturally acute eyesight. (SInv)
You cover ground quickly. (Speed+)
You are covered in fur. (AC +1)
Your stealthy paws help you sneak and pounce on unaware monsters.
You are incapable of wielding weapons or throwing items.
You cannot wear armour.
You gain extra lives every three experience levels.


Message History

Found a scroll of magic mapping.
Found a stone staircase leading down.
The adder hisses angrily.
The adder bites you but does no damage.
You scratch the adder.
The adder is lightly wounded.
The adder closely misses you.
You scratch the adder. You bite the adder.
The adder is moderately wounded.
The adder misses you. The adder bites you.
You are poisoned.
The adder poisons you!
It was a potion of invisibility.
You fade into invisibility!
You feel sick. The adder misses you.
You are very lightly contaminated with residual magic.
You closely miss the adder.
The adder is moderately wounded.
You feel sick. The adder closely misses you.
You closely miss the adder.
The adder is moderately wounded.
You feel sick. The adder bites you.
You are lethally poisoned!
The adder poisons you!
You miss the adder.
The adder is moderately wounded.
* * * LOW HITPOINT WARNING * * *
You feel very sick. The adder barely misses you.
It was a potion of brilliance.
You feel clever all of a sudden.
* * * LOW HITPOINT WARNING * * *
You feel sick. The adder misses you.
Unknown command.
Okay, then.
Unknown command.
You miss the adder.
The adder is moderately wounded.
* * * LOW HITPOINT WARNING * * *
You feel sick.
Are you sure you want to abandon this character and quit the game? (Confirm with "yes".)

# .?.### .#...#.
###....... #.
#.........
#.#######.#......>
#.................
#.#...♣..@#.......
#....♣.♣S........#
#...♣.♣.♣.........
..♣.♣.♣.♣........
♣.♣._.♣.♣.......
♣.♣.♣.♣.......#
..♣.♣.♣.......##
#.....♣.♣)....####
#..#.. ♣...#..#


You could see an adder (wandering).

Vanquished Creatures
  Terence (D:2)
  A worm (D:2)
  2 bats (D:1)
  A giant cockroach (D:1)
  A goblin (D:2)
  An ooze (D:2)
  A quokka (D:1)
  A kobold (D:1)
  2 rats
11 creatures vanquished.

Notes
Turn   | Place    | Note
-------+----------+-------------------------------------------
     0 | D:1      | CurlyBrace the Felid Artificer began the quest for the Orb.
     0 | D:1      | Reached XP level 1. HP: 9/9 MP: 2/2
   275 | D:2      | Reached XP level 2. HP: 12/12 MP: 3/3
   303 | D:2      | Noticed Terence
   326 | D:2      | Killed Terence
   327 | D:2      | Reached skill level 1 in Unarmed Combat
   327 | D:2      | Reached XP level 3. HP: 16/16 MP: 4/4
   391 | D:2      | You fall into a shaft and drop 1 floor!
   391 | D:3      | Found an iron altar of Okawaru.
   406 | D:3      | Quit the game

Illustrated notes

Levels and vault maps discovered:
D:1:      saegor_arrival_simple_a, layout_basic
D:2:      layout_loops_corners, lemuel_coloured_pillars_altar, uniq_terence,
          uniq_robin
D:3:      minmay_goblin_kobold_castle, layout_rooms, serial_shops,
          nicolae_shop_window_shopping, okawaru_trees_2

Skill      XL: |  1  2 |
---------------+-------+-----
Fighting       | 2 |  2.1
Stealth        | 2 |  2.4
Unarmed Combat | 1 |  1.6
Dodging        | |  3.2
Evocations     | |  3.2

Action                   || total
-------------------------++-------
Melee: Unarmed           ||    57
       Bite              ||     5
Evoke: Wand              ||     2
  Use: Scroll            ||     5
       Potion            ||     3
 Stab: Paralysed         ||     6
       Sleeping          ||     1
Armor: Skin              ||     9
Dodge: Dodged            ||    44

Table legend: (Time is in decaauts)
 A = Elapsed time spent in this place.
 B = Non-inter-level travel time spent in this place.
 C = Inter-level travel time spent in this place.
 D = Time resting spent in this place.
 E = Time spent auto-exploring this place.
 F = Levels seen in this place.
 G = Mean time per level.
                   A        B        C        D        E       F      G
               +--------+--------+--------+--------+--------+-----+--------+
         Total |    343 |    343 |      0 |      0 |      0 |   3 |  114.3 |
       Dungeon |    343 |    343 |      0 |      0 |      0 |   3 |  114.3 |
               +--------+--------+--------+--------+--------+-----+--------+

Top non-repeatable levels by time:
     D:1: 199 daAuts
     D:2: 130 daAuts
     D:3: 13 daAuts
